 Dungeon Crawl Stone Soup version 0.30.1-9-gdf580d7c3d (webtiles) character file.

Game seed: 7452111268400436670

111 Peloso the Shield-Bearer (level 4, -2/40 HPs)
             Began as a Minotaur Fighter on Sept 29, 2023.
             Succumbed to an orc priest's poison
             ... on level 3 of the Dungeon.
             The game lasted 00:02:45 (1545 turns).

Peloso the Shield-Bearer (Minotaur Fighter)         Turns: 1545, Time: 00:02:45

Health: -2/40      AC:  8    Str: 20    XL:     4   Next: 62%
Magic:  3/3        EV:  9    Int:  5    God:
Gold:   87         SH:  5    Dex: 12    Spells: 3/3 levels left

rFire   . . .        a - +0 long sword
rCold   . . .        d - +0 buckler
rNeg    . . .        b - +0 scale mail
rPois   .            (helmet restricted)
rElec   .            (no cloak)
rCorr   .            c - +0 pair of gloves
SInv    .            (no boots)
Will    .....        (no amulet) Stlth
                     (no ring)
HPRegen 0.26/turn    (no ring)
MPRegen 0.08/turn

%: no passive effects
@: lethally poisoned (-2 -> -21)
A: horns 2, retaliatory headbutt
a: no special abilities


You were on level 3 of the Dungeon.
You visited 1 branch of the dungeon, and saw 3 of its levels.

You collected 87 gold pieces.

Inventory:

Hand Weapons
 a - a +0 long sword (weapon)
Armour
 b - a +0 scale mail (worn)
 c - a +0 pair of gloves (worn)
 d - a +0 buckler (worn)
Wands
 h - a wand of paralysis (9)
Scrolls
 e - a scroll of brand weapon {unknown}
 f - a scroll of poison {unknown}
 i - 2 scrolls of silence {unknown}
 j - 3 scrolls of identify
 k - 2 scrolls of teleportation {unknown}
 m - a scroll of fear {unknown}
 n - a scroll of amnesia
 o - a scroll of enchant armour {unknown}
Potions
 g - a potion of might
 l - a potion of resistance


   Skills:
 + Level 4.1 Fighting
 + Level 3.9 Long Blades
 + Level 4.3 Armour
 + Level 0.9 Dodging
 + Level 4.5 Shields


You had 3 spell levels left.
You didn't know any spells.
Your spell library contained the following spells:

 Spells                   Type           Power      Damage    Failure   Level
 Shock                    Conj/Air       0%         1d3       88%         1
 Olgreb's Toxic Radiance  Pois           0%         N/A       100%        4
 Discord                  Hex            0%         N/A       100%        8
 Ignition                 Fire           0%         3d3       100%        8


Dungeon Overview and Level Annotations

Branches:
Dungeon (3/15)

Altars:


Innate Abilities, Weirdness & Mutations

You have a pair of horns on your head.
You reflexively headbutt those who attack you in melee.


Message History

You kill the orc priest!
You block the orc's attack.
You hit the orc. Your headbutt misses the orc.
The orc is almost dead.
The orc hits you with a +0 flail. The orc hits you but does no damage.
You closely miss the orc. Your headbutt misses the orc.
The orc is almost dead.
The orc hits you but does no damage.
The orc priest mumbles some strange prayers to Beogh against you.
Beogh smites you!
* * * LOW HITPOINT WARNING * * *
You hit the orc but do no damage.
The orc is almost dead.
The orc misses you.
You hit the orc.
You kill the orc!
You hit the orc priest.
The orc priest is lightly wounded.
The orc priest hits you with a +2 hand axe of venom.
* * * LOW HITPOINT WARNING * * *
You are poisoned.
You block the orc priest's attack.
Unknown command.
You barely miss the orc priest. You headbutt the orc priest!
The orc priest is almost dead.
You feel sick.
The orc priest hits you with a +2 hand axe of venom.
* * * LOW HITPOINT WARNING * * *
You are lethally poisoned!
You barely miss the orc priest.
The orc priest is almost dead.
* * * LOW HITPOINT WARNING * * *
You feel very sick.
The orc priest hits you but does no damage.
You are more poisoned.
Unknown command.
Okay, then.
You hit the orc priest.
You kill the orc priest!
You die...

##### ....#
#####
###.#####
#...###.#
#.......#
#.#)@)oo#
..#.###.#
#...#####
....# #.#
##.########
##### #.#
#.........
## #.#
#.########
.. #.# #.#
##
#.######.#
#........#
########.#


You could see 2 orcs.

Vanquished Creatures
  2 orc priests (D:3)
  A gnoll (D:1)
  2 adders (D:2)
  A worm (D:2)
  A dart slug (D:2)
  An orc (D:3)
  4 ball pythons
  An endoplasm (D:1)
  A giant cockroach (D:1)
  6 goblins
  8 hobgoblins
  2 jackals (D:2)
  2 quokkas
  6 bats
  3 frilled lizards (D:1)
  3 kobolds
  6 rats
50 creatures vanquished.

Vanquished Creatures (others)
  A jackal (D:2)
1 creature vanquished.

Grand Total: 51 creatures vanquished

Notes
Turn   | Place    | Note
-------+----------+-------------------------------------------
     0 | D:1      | Peloso the Minotaur Fighter began the quest for the Orb.
     0 | D:1      | Reached XP level 1. HP: 19/19 MP: 0/0
    84 | D:1      | Reached XP level 2. HP: 14/27 MP: 1/1
   368 | D:1      | Reached XP level 3. HP: 33/33 MP: 2/2
   822 | D:2      | Found a faded altar of an unknown god.
   833 | D:2      | Got Plato's Incunabulum of Clouds
  1051 | D:2      | Reached XP level 4. HP: 25/40 MP: 3/3
  1545 | D:3      | Succumbed to an orc priest's poison

Illustrated notes

Levels and vault maps discovered:
D:1:      wander_arrival_lonely_grave, layout_rooms, supply_closet_lemuel,
          solitary_fountain
D:2:      layout_basic, shapermc_ecumenical_altar_rom_forum, minivault_14
D:3:      cheibrodos_pilgrimage, layout_loops_ring, serial_shops,
          nicolae_shop_statue_plus, shop, nicolae_shop_mannequins,
          nicolae_square_shop, ebering_ghost_sewer_d

Skill      XL: |  1  2  3 |
---------------+----------+-----
Armour         | 4 |  4.3
Shields        | 4 |  4.5
Fighting       | 4 |  4.1
Long Blades    | 3 |  3.9
Dodging        | |  0.9

Action                     |  1- 3 |  4- 6 || total
---------------------------+-------+-------++-------
  Melee: Long sword        |   114 |    24 ||   138
         Headbutt          |    21 |     2 ||    23
    Use: Potion            |     3 |       ||     3
         Scroll            |       |     1 ||     1
 Armour: Scale mail        |    46 |    13 ||    59
  Dodge: Dodged            |    60 |    18 ||    78
  Block: Buckler           |    30 |    12 ||    42
